cohdb
Replays
Latest Replays
All Replays
Popular Replays
Top Player Replays
Match Explorer
How It Works
Community
CoH3 Stats
Reddit
Sign in to upload your games and track your stats! →
Sign in with Steam
Match 25239713
Unlisted
Match 25239713
Overview
Messages
Build Orders
End
Vickers Machine Gun Team
Vickers Machine Gun Team
Royal Engineer Section
Construct Section Command Post
Selects Heavy Armor Battlegroup
Infantry Section
Construct Platoon Command Post
Unlock M3 Stuart Light Tanks
M3 Stuart Light Tank
M3 Stuart Light Tank
M3 Stuart Light Tank
Selects Light Vehicle Withdraw and Refit
Selects Radio Net
M3 Stuart Light Tank
Radio Net
Eber
Buti
LuiSBa
LwD-ClevelanD
vainajasso
Dima
0
0
Comments
sign in to comment!
No comments posted yet!